 Dungeon Crawl Stone Soup version 0.31-a0-1-g4198be8af4 (webtiles) character file.

Game seed: 7599945978930569158

1280 blaah the Trooper (level 8, -15/70 HPs)
             Began as a Hill Orc Reaver on May 2, 2023.
             Was an Initiate of Ru.
             Engulfed by a fire crab's flame (23 damage)
             ... created by the adversity of Qazlal
             ... on level 5 of the Dungeon.
             The game lasted 00:22:26 (4738 turns).

blaah the Trooper (Hill Orc Reaver)                 Turns: 4738, Time: 00:22:27

Health: -15/70     AC: 19    Str: 21    XL:     8   Next: 54%
Magic:  0/11       EV:  7    Int: 15    God:    Ru [......]
Gold:   288        SH:  0    Dex: 15    Spells: 9/12 levels left

rFire   x x .        k - +3 dagger (venom)
rCold   . . .        (no shield)
rNeg    . . .        n - +1 plate armour
rPois   .            f - +2 helmet
rElec   x            (no cloak)
rCorr   .            d - +2 pair of gloves
SInv    .            (no boots)
Will    .....        c - amulet of guardian spirit Stlth
                     g - +6 ring of dexterity
HPRegen 0.31/turn    s - +6 ring of strength
MPRegen 0.12/turn

%: guardian spirit
@: no status effects
A: hooves 1, mutation resistance 1, MP-powered wands, [heat vulnerability 2],
[electricity vulnerability]
a: Renounce Religion


You were on level 5 of the Dungeon.
You worshipped Ru.
Ru was noncommittal.
You visited 1 branch of the dungeon, and saw 5 of its levels.

You collected 288 gold pieces.

Inventory:

Hand Weapons
 a - a +0 falchion
 h - a +0 club
 k - a +3 dagger of venom (weapon)
 o - a +0 arbalest
Armour
 b - a +0 leather armour
 d - a +2 pair of gloves (worn)
 f - a +2 helmet (worn)
 l - an orb of energy
 m - a +0 pair of gloves
 n - a +1 plate armour (worn)
Magical Staves
 i - a staff of conjuration
Jewellery
 c - an amulet of guardian spirit (around neck)
 g - a +6 ring of dexterity (left hand)
 q - a ring of see invisible
 s - a +6 ring of strength (right hand)
 w - a ring of positive energy
Wands
 j - a wand of polymorph (9)
 y - a wand of flame (17)
Scrolls
 p - 2 scrolls of poison


   Skills:
 * Level 5.8 Fighting
 + Level 3.7(4.5) Short Blades
 + Level 4.1(5.0) Long Blades
 + Level 0.6 Staves
 + Level 5.3 Armour
 + Level 2.9 Dodging
 + Level 0.3 Stealth
 + Level 0.6 Shields
 + Level 2.5 Spellcasting
 * Level 4.5 Conjurations
 + Level 1.0 Necromancy


You had 9 spell levels left.
You knew the following spells:

 Your Spells              Type           Power      Damage    Failure   Level
a - Kiss of Death         Conj/Necr      40%        2d8       82%         1
b - Momentum Strike       Conj/Tloc      16%        3d8       95%         2

Your spell library contained the following spells:

 Spells                   Type           Power      Damage    Failure   Level
 Apportation              Tloc           2%         N/A       99%         1
 Hailstorm                Conj/Ice       8%         3d4       99%         3
 Scorch                   Fire           2%         2d5       100%        2
 Gell's Gravitas          Tloc           1%         N/A       100%        3
 Teleport Other           Tloc           1%         N/A       100%        3
 Flame Wave               Conj/Fire      8%         2d5       100%        4
 Summon Forest            Summ/Tloc      0%         N/A       100%        5
 Dispersal                Tloc           0%         N/A       100%        6
 Summon Cactus Giant      Summ           0%         N/A       100%        6


Dungeon Overview and Level Annotations

Branches:
Dungeon (5/15)
 Temple: D:4-7

Altars:
Dithmenos
Gozag
Qazlal
Ru
Trog
Xom


Innate Abilities, Weirdness & Mutations

You have large cloven feet.
You are somewhat resistant to further mutation.
You expend magic power (3 MP) to strengthen your wands.
[You are very vulnerable to heat. (rF--)]
[You are vulnerable to electric shocks.]


Message History

You hit the boulder beetle but do no damage.
The boulder beetle looks as sick as possible!
You kick the boulder beetle, but do no damage.
The boulder beetle is severely wounded.
The boulder beetle barely misses you.
You hit the boulder beetle but do no damage.
The boulder beetle is severely wounded.
You flicker back into view.
The boulder beetle barely misses you.
You hit the boulder beetle but do no damage.
You kick the boulder beetle.
The boulder beetle is almost dead.
You hit the boulder beetle but do no damage.
The boulder beetle looks as sick as possible!
The boulder beetle is almost dead.
The boulder beetle bites you!
* * * LOW HITPOINT WARNING * * *
You hit the boulder beetle but do no damage.
The boulder beetle looks as sick as possible!
The boulder beetle is almost dead.
The boulder beetle closely misses you.
You hit the boulder beetle but do no damage.
The boulder beetle looks as sick as possible!
The boulder beetle is almost dead.
You kill the boulder beetle!
That felt strangely unrewarding.
Qazlal causes a mighty clap of thunder!
Qazlal incites the elements against you!
A fire crab and a fire elemental come into view.
The fire elemental barely misses you. The fire crab breathes flames at you.
The blast of flame engulfs you but does no damage.
You completely miss the fire elemental. Your kick misses the fire elemental.
You are engulfed in blazing flames.
The fire elemental hits you. The fire elemental burns you!
The fire burns you terribly!
* * * LOW HITPOINT WARNING * * *
You barely miss the fire elemental. You kick the fire elemental.
The fire elemental is lightly damaged.
You are engulfed in blazing flames.
You die...

#.# #.# #.#
#... #.# #.#
#.# #### #.#
#.# #.# #.##
#.# #.# #..#
#.# #.# ##.#
#.# #.# #.#
#.########
#.######.....#
#.#@○°.'.#.#.#
#.#E##t#)....#
###°##.#)#.#.#
#°°..#.).÷.#
##°#######'##
#°°.#......#
#°..#.#..#.#
#...#......#
#### #......##
###


You could see a fire crab and a fire elemental.

Vanquished Creatures
  A boulder beetle (D:5)
  A fire crab (D:5)
  Sigmund (D:2)
  A wraith (D:5)
  A water moccasin (D:5)
  2 ice beasts (D:5)
  A black bear (D:3)
  An orc warrior (D:5)
  An ogre (D:5)
  2 hounds
  An orc priest (D:4)
  A sleepcap (D:4)
  Jessica (D:2)
  2 iguanas (D:5)
  3 orc wizards
  A gnoll (D:4)
  4 adders
  A white imp (D:5)
  3 ufetubi (D:5)
  A worm (D:5)
  2 dart slugs
  15 orcs
  8 ball pythons
  2 bats (D:1)
  5 endoplasms
  A giant cockroach (D:2)
  6 goblins
  7 hobgoblins
  7 kobolds
  5 quokkas
  4 rats
92 creatures vanquished.

Notes
Turn   | Place    | Note
-------+----------+-------------------------------------------
     0 | D:1      | blaah the Hill Orc Reaver began the quest for the Orb.
     0 | D:1      | Reached XP level 1. HP: 18/18 MP: 3/3
   181 | D:1      | Reached XP level 2. HP: 22/22 MP: 2/4
  1010 | D:2      | Reached XP level 3. HP: 28/29 MP: 5/5
  1016 | D:2      | Reached skill level 1 in Armour
  1034 | D:2      | Learned a level 2 spell: Momentum Strike
  1098 | D:2      | Noticed Jessica
  1109 | D:2      | Killed Jessica
  1110 | D:2      | Reached XP level 4. HP: 3/15 MP: 0/7
  1459 | D:2      | Found a faded altar of an unknown god.
  1478 | D:2      | Prayed at the altar of an unknown god.
  1478 | D:2      | Became a worshipper of Qazlal Stormbringer
  1478 | D:2      | Reached * piety under Qazlal
  1623 | D:2      | Found an opulent altar of Gozag.
  1651 | D:2      | Noticed Sigmund
  1673 | D:2      | Killed Sigmund
  1674 | D:2      | Reached XP level 5. HP: 4/45 MP: 1/8
  1674 | D:2      | Reached XP level 6. HP: 4/51 MP: 1/9
  2141 | D:3      | Noticed a black bear
  2152 | D:3      | Killed a black bear
  2400 | D:3      | Got Syekhle's Papyrus of the Wayfarer
  2443 | D:3      | Reached skill level 1 in Short Blades
  2685 | D:3      | Reached skill level 1 in Necromancy
  2978 | D:4      | Gained mutation: You expend magic power (3 MP) to
                  | strengthen your wands. [potion of mutation]
  2978 | D:4      | Gained mutation: You have large cloven feet. [potion of
                  | mutation]
  2978 | D:4      | Gained mutation: You are somewhat resistant to further
                  | mutation. [potion of mutation]
  2978 | D:4      | Gained mutation: You are resistant to electric shocks.
                  | (rElec) [potion of mutation]
  3044 | D:4      | Reached XP level 7. HP: 58/58 MP: 10/10
  3160 | D:4      | Reached ** piety under Qazlal
  3388 | D:4      | Found a shadowy altar of Dithmenos.
  3420 | D:4      | Found a bloodstained altar of Trog.
  3468 | D:4      | Found a shimmering altar of Xom.
  3486 | D:4      | Found a sacrificial altar of Ru.
  3514 | D:4      | Fell from the grace of Qazlal
  3514 | D:4      | Became a worshipper of Ru the Awakened
  3628 | D:5      | Entered Level 5 of the Dungeon
  4203 | D:5      | Lost mutation: You are resistant to electric shocks.
                  | (rElec) [the adversity of Qazlal]
  4209 | D:5      | Reached skill level 5 in Fighting
  4209 | D:5      | Reached XP level 8. HP: 68/68 MP: 11/11
  4286 | D:5      | Noticed a wraith
  4366 | D:5      | Reached skill level 5 in Armour
  4478 | D:5      | Killed a wraith
  4605 | D:5      | Noticed a fire crab
  4605 | D:5      | Noticed a boulder beetle
  4619 | D:5      | Killed a fire crab
  4626 | D:5      | HP: 2/70 [boulder beetle[the adversity of Qazlal] (9)]
  4628 | D:5      | Killed a boulder beetle
  4735 | D:5      | Noticed a fire crab
  4738 | D:5      | Engulfed by a fire crab's flame

Illustrated notes

Levels and vault maps discovered:
D:1:      roderic_chinese_lattice_arrival, layout_loops_corners,
          minmay_misc_feat_more_columns, serial_park_tiny_pond,
          minmay_tetromino_o2
D:2:      layout_basic, basic_altar, chequers_ecumenical_altar_simple_redux,
          minivault_25, hangedman_decor_push, uniq_sigmund, uniq_jessica,
          uniq_robin
D:3:      layout_basic
D:4:      layout_cave_pools, nicolae_overflow_quartered_altars,
          kennysheep_generic_room_9
D:5:      minmay_clustersquares, layout_loops_ring, good_gods_mini_temple,
          nicolae_elevator_lobby_plus

Skill      XL: |  1  2  3  4  5  6  7  8 |
---------------+-------------------------+-----
Armour         | 1 2 3 4 5 |  5.3
Fighting       | 3 5 |  5.8
Spellcasting   | 2 |  2.5
Dodging        | 2 |  2.9
Long Blades    | 4 |  4.1
Short Blades   | 1 2 3 |  3.7
Necromancy     | 1 |  1.0
Conjurations   | 4 |  4.5
Staves         | |  0.6
Stealth        | |  0.3
Shields        | |  0.6

Action                     |  1- 3 |  4- 6 |  7- 9 || total
---------------------------+-------+-------+-------++-------
  Melee: Falchion          |    54 |       |       ||    54
         Staff             |     9 |    18 |       ||    27
         Dagger            |       |    96 |   206 ||   302
         Punch             |       |     3 |     2 ||     5
         Kick              |       |     2 |    75 ||    77
   Cast: Kiss of Death     |     9 |     2 |       ||    11
    Use: Potion            |     3 |     5 |     8 ||    16
         Scroll            |     1 |     6 |     4 ||    11
   Stab: Invisible         |       |       |     2 ||     2
 Armour: Leather armour    |    35 |    12 |       ||    47
         Plate armour      |       |    49 |   182 ||   231
         Skin              |       |       |    26 ||    26
  Dodge: Dodged            |    45 |    53 |    92 ||   190
  Block: Other             |       |     5 |     3 ||     8

Table legend: (Time is in decaauts)
 A = Elapsed time spent in this place.
 B = Non-inter-level travel time spent in this place.
 C = Inter-level travel time spent in this place.
 D = Time resting spent in this place.
 E = Time spent auto-exploring this place.
 F = Levels seen in this place.
 G = Mean time per level.
                   A        B        C        D        E       F      G
               +--------+--------+--------+--------+--------+-----+--------+
         Total |   4734 |   4734 |      0 |     24 |   3019 |   5 |  946.8 |
       Dungeon |   4734 |   4734 |      0 |     24 |   3019 |   5 |  946.8 |
               +--------+--------+--------+--------+--------+-----+--------+

Top non-repeatable levels by time:
     D:5: 1109 daAuts
     D:2: 1045 daAuts
     D:1: 1007 daAuts
     D:3: 820 daAuts
     D:4: 751 daAuts
